Map: 2000 Atmospheres LE

Players

Vindicta - Winner!

  • Race: Terran Terran

MCanning

  • Race: Protoss Protoss

VOD

Have the link to the VOD?

Description

Time

  • Played on: Oct. 6, 2021, 5:48 p.m.
  • Length: 12:47
Show
View Real Time Build Order
Export as new Build Order

Vindicta Terran - Winner!

Build Orders:  

Get SALT Encoding   

  12  0:00  SCV  
  13  0:12  SCV  
  14  0:18  Supply Depot  
  14  0:24  SCV  
  15  0:31  Refinery  
  15  0:39  SCV  
  16  0:44  Barracks  
  16  0:51  SCV  
  16  0:55  Refinery  
  17  1:04  SCV  
  18  1:16  SCV  
  19  1:30  Orbital Command  
  19  1:31  Reaper  
  20  1:36  Factory  
  20  1:47  Supply Depot  
  20  1:56  SCV  
  21  2:03  Reaper  
  21  2:08  SCV  
  23  2:21  Hellion, SCV  
  26  2:33  Command Center  
  26  2:35  Reaper  
  27  2:39  SCV  
  27  2:44  Hellion  
  30  2:53  SCV  
  30  2:54  Supply Depot  
  31  3:00  Starport  
  31  3:08  Factory Tech Lab  
  31  3:09  Barracks Reactor  
  31  3:16  SCV  
  32  3:25  Bunker  
  32  3:28  SCV  
  36  3:38  Viking  
  36  3:39  Siege Tank  
  36  3:40  SCV  
  39  3:46  Marine x2  
  41  3:51  Orbital Command  
  41  3:53  SCV  
  42  4:03  Marine  
  42  4:05  SCV  
  42  4:06  Marine  
  45  4:17  SCV, Factory Tech Lab  
  45  4:18  Raven  
  45  4:20  SCV  
  45  4:21  Marine  
  50  4:25  Supply Depot  
  50  4:29  Barracks  
  50  4:31  SCV  
  51  4:36  SCV  
  52  4:46  Siege Tank  
  52  4:48  Marine  
  52  4:49  Supply Depot  
  52  4:50  SCV  
  52  4:52  SCV  
  58  4:59  Barracks  
  58  5:02  SCV  
  58  5:05  SCV  
  60  5:11  Supply Depot  
  60  5:14  SCV, Refinery  
  60  5:15  Starport Tech Lab  
  60  5:17  SCV  
  60  5:20  Engineering Bay  
  62  5:23  Siege Tank  
  62  5:26  SCV  
  66  5:32  Stimpack  
  66  5:33  Marauder  
  68  5:36  SCV  
  68  5:41  Refinery  
  68  5:42  Marine x2  
  71  5:43  Supply Depot  
  71  5:44  Starport Reactor  
  71  5:46  SCV  
  72  5:54  Marauder  
  72  5:55  Barracks Reactor  
  72  5:57  SCV  
  72  5:58  Terran Infantry Weapons Level 1  
  72  5:59  Marine  
  72  6:01  Marine  
  72  6:03  SCV  
  75  6:05  Supply Depot  
  75  6:06  Combat Shield  
  75  6:09  SCV  
  78  6:16  SCV  
  79  6:20  Medivac, Command Center  
  79  6:21  SCV, Marine  
  79  6:22  Marine  
  79  6:23  Marine x2  
  79  6:25  Medivac  
  85  6:33  Supply Depot  
  85  6:36  Supply Depot  
  85  6:38  Siege Tank  
  85  6:39  Marine  
  89  6:43  Marauder  
  91  6:48  SCV  
  92  6:55  SCV  
  92  6:56  Marine  
  92  6:57  Marine  
  92  6:58  Barracks  
  92  6:59  Barracks  
  92  7:00  Supply Depot  
  92  7:01  SCV  
  94  7:05  Marauder  
  94  7:07  SCV  
  98  7:10  Medivac  
  98  7:12  Missile Turret, Medivac  
  98  7:13  SCV  
  98  7:15  Marine  
  103  7:20  SCV  
  102  7:25  Concussive Shells, Marine  
  102  7:28  Siege Tank  
  107  7:31  SCV  
  107  7:33  Supply Depot  
  107  7:36  Marine  
  112  7:37  Marauder x2  
  112  7:40  SCV  
  112  7:43  Marine  
  114  7:45  SCV  
  114  7:50  Barracks Reactor  
  114  7:51  Barracks Tech Lab  
  114  7:52  SCV  
  114  7:54  Marine  
  114  7:58  Marauder, Marine  
  117  8:00  SCV  
  117  8:01  Marine  
  117  8:03  Siege Tank  
  122  8:07  SCV  
  122  8:09  Orbital Command  
  122  8:10  Marine  
  122  8:12  Marine  
  125  8:15  SCV  
  125  8:16  Marauder  
  125  8:19  SCV, Marine  
  132  8:20  Marauder  
  132  8:27  SCV, Refinery, Marine  
  132  8:28  Marauder, Supply Depot x2  
  132  8:30  Medivac  
  138  8:40  Marauder, Supply Depot, Marine, Missile Turret  
  141  8:41  Supply Depot  
  141  8:49  Marine  
  141  8:50  Marauder  
  144  9:02  Marine  
  129  9:06  Marine  
  129  9:07  Marauder  
  129  9:08  SCV  
  123  9:10  Marauder, Siege Tank, Marine x2  
  123  9:11  Marine  
  123  9:12  SCV  
  133  9:17  Engineering Bay, Armory  
  133  9:20  Marine  
  133  9:22  Refinery  
  133  9:24  Supply Depot, Marine  
  133  9:27  Marine  
  133  9:28  Marauder, Command Center, Marine  
  140  9:31  Marauder, Marine  
  140  9:37  Marine  
  139  9:42  Marine  
  139  9:43  SCV  
  139  9:44  Ghost Academy  
  141  9:46  Siege Tank  
  141  9:51  Marine x2  
  145  9:53  Marauder  
  145  9:54  Medivac x2  
  145  9:55  Marine  
  151  10:00  SCV  
  151  10:04  Marine  
  151  10:05  Terran Infantry Weapons Level 2, Terran Infantry Armor Level 1  
  150  10:12  Ghost  
  149  10:14  Marine x3  
  149  10:15  Marauder  
  149  10:17  Enhanced Shockwaves  
  149  10:18  Ghost  
  153  10:35  Ghost  
  143  10:37  Marine  
  143  10:41  Ghost  
  143  10:42  SCV x2, Planetary Fortress  
  121  10:45  Missile Turret  
  121  10:47  Marine  
  121  10:48  Marauder, Marine  
  121  10:49  Terran Ship Weapons Level 1, Marine  
  125  10:50  SCV  
  125  10:55  Marine  
  125  10:56  SCV x2, Siege Tank  
  132  11:00  Medivac  
  132  11:02  SCV  
  135  11:06  Marauder  
  135  11:08  SCV  
  135  11:09  Marauder  
  135  11:10  Medivac  
  142  11:12  Marauder  
  142  11:17  SCV, Marine  
  146  11:21  Marine  
  147  11:25  Marine  
  147  11:27  Marauder, SCV  
  147  11:30  Medivac  
  147  11:32  Ghost  
  145  11:33  Ghost  
  145  11:38  SCV  
  145  11:42  Marine x2  
  147  11:49  Marauder  
  147  11:51  Refinery  
  147  11:52  Refinery  
  148  11:55  SCV, Siege Tank  
  148  11:57  Marine  
  148  12:00  Marine  
  154  12:01  Marauder, Ghost  
  154  12:03  Marine  
  156  12:10  Marauder  
  156  12:13  Marine  
  156  12:15  SCV, Marine  
  152  12:18  Marine  
  152  12:21  SCV, Marine, Barracks  
  152  12:22  Barracks  
  145  12:23  Barracks  
  145  12:27  SCV x2  
  148  12:32  SCV  
Show
View Real Time Build Order
Export as new Build Order

MCanning Protoss 

Build Orders: 1 Gate Expand 

Get SALT Encoding   

  12  0:00  Probe  
  13  0:12  Probe  
  14  0:17  Pylon  
  14  0:24  Probe  
  15  0:36  Gateway, Probe (Chrono Boost)  
  16  0:47  Assimilator, Probe (Chrono Boost)  
  17  0:52  Probe (Chrono Boost)  
  18  1:03  Probe  
  19  1:15  Probe  
  20  1:23  Nexus  
  20  1:32  Cybernetics Core  
  20  1:40  Pylon  
  20  1:43  Probe  
  21  1:50  Zealot (Chrono Boost)  
  23  1:55  Assimilator  
  23  1:59  Probe  
  24  2:11  Probe  
  24  2:14  Stalker (Chrono Boost), Warp Gate  
  27  2:24  Probe  
  27  2:25  Shield Battery  
  27  2:36  Probe  
  28  2:45  Probe  
  28  2:46  Robotics Facility  
  29  2:53  Shield Battery  
  29  2:56  Stalker (Chrono Boost)  
  27  3:02  Probe  
  30  3:07  Probe  
  31  3:14  Probe (Chrono Boost)  
  31  3:20  Gateway  
  31  3:25  Probe (Chrono Boost)  
  31  3:26  Probe (Chrono Boost)  
  34  3:37  Gateway  
  34  3:40  Probe (Chrono Boost), Pylon  
  33  3:42  Probe  
  33  3:45  Observer (Chrono Boost)  
  36  3:53  Probe  
  37  3:59  Probe  
  38  4:03  Stalker, Observer (Chrono Boost), Pylon  
  38  4:05  Probe  
  41  4:11  Probe (Chrono Boost)  
  42  4:18  Stalker  
  42  4:21  Probe (Chrono Boost)  
  42  4:23  Probe (Chrono Boost)  
  42  4:24  Observer  
  47  4:31  Probe (Chrono Boost)  
  49  4:32  Stalker, Probe (Chrono Boost), Pylon  
  49  4:35  Stalker  
  49  4:37  Probe  
  53  4:42  Robotics Bay  
  53  4:43  Probe  
  55  4:48  Assimilator  
  55  4:50  Assimilator  
  55  4:51  Probe  
  56  5:01  Probe  
  56  5:03  Probe  
  56  5:04  Stalker x2  
  62  5:12  Forge  
  61  5:15  Probe, Pylon  
  61  5:16  Probe  
  63  5:22  Sentry  
  63  5:25  Extended Thermal Lance (Chrono Boost), Pylon  
  65  5:43  Nexus  
  65  5:44  Pylon  
  65  5:49  Observer  
  65  5:50  Probe x2  
  65  6:00  Protoss Ground Weapons Level 1  
  65  6:02  Gateway, Probe  
  65  6:03  Gateway  
  65  6:04  Sentry, Shield Battery  
  68  6:05  Sentry  
  68  6:08  Zealot  
  68  6:11  Observer  
  72  6:17  Colossus (Chrono Boost)  
  72  6:24  Probe  
  79  6:26  Probe  
  79  6:30  Photon Cannon  
  80  6:33  Pylon  
  80  6:36  Probe  
  80  6:38  Probe  
  82  6:42  Twilight Council  
  82  6:43  Pylon  
  82  6:48  Probe  
  82  6:50  Probe  
  84  6:54  Pylon  
  84  6:57  Colossus (Chrono Boost)  
  84  6:58  Sentry  
  92  7:04  Probe  
  93  7:09  Zealot x3  
  93  7:12  Probe  
  93  7:14  Shield Battery  
  100  7:18  Charge (Chrono Boost)  
  100  7:29  Zealot x2  
  102  7:40  Probe  
  102  7:43  Probe, Disruptor  
  107  7:45  Nexus  
  107  7:46  Dark Shrine  
  107  7:49  Observer  
  107  7:54  Zealot  
  107  7:55  Zealot x4  
  107  7:57  Probe  
  118  8:02  Probe  
  119  8:06  Pylon x2  
  119  8:12  Probe  
  119  8:25  Protoss Ground Armor Level 1 (Chrono Boost)  
  119  8:26  Zealot x5  
  128  8:31  Forge  
  128  8:33  Disruptor  
  131  8:39  Probe  
  132  8:43  Assimilator  
  132  8:47  Zealot x5  
  132  8:59  Probe x2  
  109  9:05  Blink (Chrono Boost)  
  94  9:10  Stalker  
  94  9:11  Stalker x4  
  94  9:13  Probe  
  105  9:26  Colossus (Chrono Boost), Observer  
  111  9:35  Nexus, Pylon  
  101  9:38  Protoss Ground Weapons Level 2 (Chrono Boost)  
  101  9:39  Dark Templar  
  101  9:40  Dark Templar  
  101  9:45  Dark Templar  
  107  9:50  Dark Templar x2  
  107  9:52  Probe  
  112  9:54  Probe  
  112  9:57  Archon  
  111  10:12  Zealot, Disruptor  
  111  10:13  Zealot  
  116  10:17  Gateway  
  116  10:18  Gateway, Probe  
  117  10:22  Zealot  
  117  10:23  Zealot x2  
  119  10:33  Zealot x2  
  111  10:43  Zealot x2  
  111  10:48  Disruptor (Chrono Boost)  
  116  10:50  Probe, Shield Battery  
  116  10:52  Probe  
  116  10:55  Dark Templar  
  116  10:56  Dark Templar  
  122  10:59  Gateway  
  122  11:00  Archon  
  122  11:01  Probe  
  122  11:02  Zealot  
  125  11:09  Robotics Facility  
  125  11:10  Zealot x2  
  129  11:12  Probe  
  129  11:14  Probe  
  129  11:17  Disruptor (Chrono Boost)  
  131  11:23  Zealot x3  
  138  11:26  Observer  
  101  11:40  Zealot x6  
  109  11:49  Disruptor  
  112  11:58  Dark Templar  
  112  12:02  Zealot x7  
  112  12:08  Zealot x3, Observer  
  92  12:22  Zealot x2  
  94  12:27  Gateway  
  94  12:28  Gateway  
  93  12:30  Pylon  
Tags
 
Add a new tag
Caveats
  • Supply blocks, unpowered buildings, or Contaminate may cause inaccurate times.
  • Supply counts are checked every 10 seconds.